 Dungeon Crawl Stone Soup version 0.21-a0-426-g98080a9 (webtiles) character file.

121 GoodRolls the Conjurer (level 5, 0/38 HPs)
             Began as a Hill Orc Fire Elementalist on Nov 7, 2017.
             Slain by a kobold (4 damage)
             ... on level 3 of the Dungeon.
             The game lasted 00:06:16 (2873 turns).

GoodRolls the Conjurer (Hill Orc Fire Elementalist) Turns: 2873, Time: 00:06:16

Health: 0/38       AC:  2    Str: 11    XL:     5   Next: 5%
Magic:  0/9        EV: 12    Int: 15    God:
Gold:   95         SH:  0    Dex: 12    Spells: 3/9 levels left

rFire    . . .     SeeInvis .   m - +0 short sword (flame)
rCold    . . .     Gourm    .   (no shield)
rNeg     . . .     Faith    .   a - +0 robe
rPois    .         Spirit   .   (no helmet)
rElec    .         Reflect  .   (no cloak)
rCorr    .         Harm     .   (no gloves)
MR       .....                  (no boots)
Stlth    ++........             (no amulet)
HPRegen  0.12/turn              (no ring)
MPRegen  0.11/turn              (no ring)

@: slowed, very slow
A: no striking features
a: no special abilities


You were on level 3 of the Dungeon.
You were hungry.

You visited 1 branch of the dungeon, and saw 3 of its levels.

You collected 95 gold pieces.

Inventory:

Hand Weapons
 m - a +0 short sword of flaming (weapon)
Missiles
 s - a throwing net (quivered)
Armour
 a - a +0 robe (worn)
Wands
 n - a wand of lightning (5/15)
Scrolls
 e - a scroll of enchant weapon {unknown}
 f - 3 scrolls of identify {unknown}
 i - 2 scrolls of teleportation {unknown}
 k - a scroll of recharging {unknown}
 o - a scroll of enchant armour {unknown}
 p - 3 scrolls of remove curse {unknown}
 r - a scroll of magic mapping {unknown}
Potions
 g - a potion of lignification {unknown}
 h - a potion of magic {unknown}
 j - a potion of degeneration {unknown}
 l - a potion of curing
 q - a potion of brilliance {unknown}
Books
 b - a book of Flames

   Spells                             Type                      Level
   a - Flame Tongue                   Conjuration/Fire             1
   b - Throw Flame                    Conjuration/Fire             2
   c - Conjure Flame                  Conjuration/Fire             3
   d - Inner Flame                    Hexes/Fire                   3
   e - Sticky Flame                   Conjuration/Fire             4
   f - Fireball                       Conjuration/Fire             5
Comestibles
 c - 3 bread rations
 d - 2 meat rations
 t - a chunk of flesh


   Skills:
 - Level 1.5 Dodging
 - Level 1.5 Stealth
 + Level 2.9 Spellcasting
 - Level 3.3 Conjurations
 - Level 3.2 Fire Magic


You had 3 spell levels left.
You knew the following spells:

 Your Spells              Type           Power        Failure   Level  Hunger
a - Flame Tongue          Conj/Fire      ##...        5%          1    #......
b - Throw Flame           Conj/Fire      ##....       8%          2    ##.....
c - Conjure Flame         Conj/Fire      ##......     16%         3    ###....


Dungeon Overview and Level Annotations

Branches:
Dungeon (3/15)

Altars:
Hepliaklqana
Nemelex Xobeh


Message History

The kobold shouts!
The orc hits you but does no damage. The kobold hits you.
* * * LOW HITPOINT WARNING * * *
The kobold barely misses you.
Casting: Flame Tongue
Confirm with . or Enter, or press ? or * to list all spells.
Aiming: Flame Tongue
Press: ? - help, Shift-Dir - straight line, f - kobold
Aim: a kobold The flame tongue misses the kobold.
The orc hits you but does no damage. The kobold barely misses you.
The orc hits you with a dagger.
* * * LOW HITPOINT WARNING * * *
Casting: Flame Tongue
Confirm with . or Enter, or press ? or * to list all spells.
Aiming: Flame Tongue
Press: ? - help, Shift-Dir - straight line, f/p - kobold
Aim: a kobold The flame tongue misses the kobold.
The kobold hits you.
You die...

#.# ...........# ..#
.#.##...##.# #.# #..
......#.รท..# #J# #.#
#####...#### #.K #.#
##.## #K# #.# #.# .o.
#.# #.# #.#
#.#########.#
##o#########.KJo@K.....#
#.............##########
...##########.#
##...)...K..KJ#
##############


You could see an ooze, an orc and 2 kobolds.

Vanquished Creatures
  An orc wizard (D:3)
  4 adders
  An ooze (D:1)
  2 worms (D:2)
  2 leopard geckos
  2 orcs
  6 giant cockroaches
  5 goblins
  4 hobgoblins
  A quokka (D:2)
  A ball python (D:3)
  5 bats
  4 frilled lizards
  6 kobolds
  4 rats
48 creatures vanquished.

Vanquished Creatures (others)
  2 fungi (D:3)
2 creatures vanquished.

Grand Total: 50 creatures vanquished

Notes
Turn   | Place    | Note
-------+----------+-------------------------------------------
     0 | D:1      | GoodRolls the Hill Orc Fire Elementalist began the quest for the Orb.
     0 | D:1      | Reached XP level 1. HP: 14/14 MP: 3/3
     0 | D:1      | Noticed a centaur
     0 | D:1      | Noticed a felid
     3 | D:1      | Noticed a human
     5 | D:1      | Noticed an elf
     6 | D:1      | Noticed an octopode
     7 | D:1      | Noticed a vampire
     8 | D:1      | Noticed a vampire
    10 | D:1      | Noticed a gargoyle
    12 | D:1      | Noticed a gargoyle
    12 | D:1      | Noticed a troll
    13 | D:1      | Noticed a dwarf
    16 | D:1      | Noticed an ogre
    16 | D:1      | Noticed an octopode
    16 | D:1      | Noticed a vine stalker
    18 | D:1      | Noticed a spriggan
    18 | D:1      | Noticed a vine stalker
    20 | D:1      | Noticed a naga
   146 | D:1      | Reached XP level 2. HP: 11/20 MP: 2/4
   330 | D:1      | Learned a level 2 spell: Throw Flame
  1014 | D:2      | Reached XP level 3. HP: 26/26 MP: 2/5
  1018 | D:2      | Found a sparkling altar of Nemelex Xobeh.
  1578 | D:2      | Reached XP level 4. HP: 23/33 MP: 6/6
  1663 | D:2      | Learned a level 3 spell: Conjure Flame
  1977 | D:2      | Found a hazy altar of Hepliaklqana.
  2860 | D:3      | Reached XP level 5. HP: 8/38 MP: 0/9
  2873 | D:3      | Slain by a kobold

Vault maps used:
D:1:      shiori_arrival_whats_in_store_for_you
D:2:      overflow_temple_1_default, old_standard_altar, first_bread
D:3:      trog_three_pillars_becter, uniq_crazy_yiuf_cottage

Skill      XL: |  1  2  3  4 |
---------------+-------------+-----
Conjurations   | 2 3 |  3.3
Spellcasting   | 2 |  2.9
Dodging        | |  1.5
Stealth        | |  1.5
Fire Magic     | |  3.2

Action                   |  1- 3 |  4- 6 || total
-------------------------+-------+-------++-------
Melee: Unarmed           |    35 |       ||    35
       Short sword       |    30 |    50 ||    80
 Cast: Flame Tongue      |    33 |    27 ||    60
       Throw Flame       |     2 |     1 ||     3
  Use: Potion            |       |     1 ||     1
 Stab: Sleeping          |       |     3 ||     3
  Eat: Chunk             |     3 |     4 ||     7
Armor: Robe              |    20 |    14 ||    34
Dodge: Dodged            |    74 |    55 ||   129

Table legend:
 A = Spawn XP
 B = Non-spawn XP
 C = Spawn XP percentage of total XP
 D = Spawn monster count
 E = Non-spawn monster count
 F = Spawn count percentage of total count
 G = Total turns spent on level
                    A         B        C        D         E        F      G
               +---------+---------+-------+---------+---------+-------+---------
         Total |       0 |     174 |   0.0 |       0 |      48 |   0.0 |  2873
               +---------+---------+-------+---------+---------+-------+---------
           D:1 |       0 |      46 |   0.0 |       0 |      18 |   0.0 |  1401
           D:2 |       0 |      76 |   0.0 |       0 |      21 |   0.0 |  1292
           D:3 |       0 |      52 |   0.0 |       0 |       9 |   0.0 |   180
               +---------+---------+-------+---------+---------+-------+---------
